PR
CROWLEY CAJUNS @ TWINSBURG TIGERS
07/21/2041
 
TOP OF THE 1ST
Crowley Cajuns batting - Pitching for Twinsburg Tigers : RHP José Cruz
Pitching: RHP José Cruz
Batting: RHB Alan Shepherd 0-0: Called Strike
0-1: Ball
1-1: Foul Ball, location: 2F
1-2: Strikes out swinging
Batting: SHB Gabriel Ortíz 0-0: Swinging Strike
0-1: Foul Ball, location: 2F
0-2: Foul Ball, location: 2F
0-2: Foul Ball, location: 2F
0-2: Foul Ball, location: 2F
0-2: Ball
1-2: Strikes out swinging
Batting: LHB Sam Wells 0-0: Ground out U3 (Groundball, 3, EV 101.9 MPH)
Top of the 1st over - 0 runs, 0 hits, 0 errors, 0 left on base; Crowley 0 - Twinsburg 0
BOTTOM OF THE 1ST
Twinsburg Tigers batting - Pitching for Crowley Cajuns : RHP Blaise Tonetti
Pitching: RHP Blaise Tonetti
Batting: LHB Takahashi Yano 0-0: Ball
1-0: Called Strike
1-1: Ball
2-1: Fly out, F8 (Flyball, 8LXD, EV 95.0 MPH)
Batting: RHB Hun-hyeon Kang 0-0: Foul Ball, location: 2F
0-1: Called Strike
0-2: Foul Ball, location: 2F
0-2: Ball
1-2: Ball
2-2: Strikes out looking
Batting: LHB Bill Wilson 0-0: Foul Ball, location: 2F
0-1: Ball
1-1: Ball
2-1: Ball
3-1: Base on Balls
Batting: RHB Raúl Rosa 0-0: Called Strike
0-1: TRIPLE (Flyball, 78XD, EV 107.5 MPH)
Bill Wilson scores
Batting: LHB Ray Winters 0-0: Called Strike
0-1: SINGLE (Line Drive, 4, EV 100.0 MPH)
Raúl Rosa scores
Batting: LHB Janghyun Han 0-0: Called Strike
0-1: Fly out, F8 (Line Drive, 8LD, EV 105.6 MPH)
Bottom of the 1st over - 2 runs, 2 hits, 0 errors, 1 left on base; Crowley 0 - Twinsburg 2
TOP OF THE 2ND
Crowley Cajuns batting - Pitching for Twinsburg Tigers : RHP José Cruz
Batting: RHB Leonard Tucker 0-0: Ball
1-0: Ball
2-0: Fly out, F5 (Popup, 5DF, EV 46.2 MPH)
Batting: SHB Rich Dalzell 0-0: Called Strike
0-1: Called Strike
0-2: Foul Ball, location: 2F
0-2: Strikes out swinging
Batting: RHB Michael Warner 0-0: SINGLE (Line Drive, 6D, EV 106.2 MPH)
Batting: RHB Mike Townsend 0-0: Ball
1-0: Called Strike
1-1: Foul Ball, location: 2F
1-2: Strikes out swinging
Top of the 2nd over - 0 runs, 1 hit, 0 errors, 1 left on base; Crowley 0 - Twinsburg 2
BOTTOM OF THE 2ND
Twinsburg Tigers batting - Pitching for Crowley Cajuns : RHP Blaise Tonetti
Batting: RHB Jacob Gray 0-0: SINGLE (Line Drive, 89S, EV 103.8 MPH)
Batting: RHB Alex Kelley 0-0: Ball
1-0: Foul Ball, location: 2F
1-1: Swinging Strike
1-2: Strikes out swinging
Batting: RHB Ryan Buggins 0-0: Ball
1-0: Called Strike
1-1: Swinging Strike
1-2: Ball
2-2: Ball
3-2: Fly out, F3 (Popup, 3S, EV 78.8 MPH)
Batting: LHB Takahashi Yano 0-0: Called Strike
0-1: Ball
1-1: Hit by Pitch
Jacob Gray to second
Batting: RHB Hun-hyeon Kang 0-0: Ball
1-0: Fielders Choice at 2nd, 6-4 (Groundball, 6, EV 101.9 MPH)
Bottom of the 2nd over - 0 runs, 1 hit, 0 errors, 2 left on base; Crowley 0 - Twinsburg 2
TOP OF THE 3RD
Crowley Cajuns batting - Pitching for Twinsburg Tigers : RHP José Cruz
Batting: RHB Juan Jiménez 0-0: Foul Ball, location: 2F
0-1: Foul Ball, location: 2F
0-2: Ball
1-2: Strikes out swinging
Batting: LHB Sergio Valentín 0-0: Ball
1-0: Foul Ball, location: 2F
1-1: Foul Ball, location: 2F
1-2: Ball
2-2: Ball
3-2: Strikes out swinging
Batting: RHB Alan Shepherd 0-0: Called Strike
0-1: Swinging Strike
0-2: Strikes out swinging
Top of the 3rd over - 0 runs, 0 hits, 0 errors, 0 left on base; Crowley 0 - Twinsburg 2
BOTTOM OF THE 3RD
Twinsburg Tigers batting - Pitching for Crowley Cajuns : RHP Blaise Tonetti
Batting: LHB Bill Wilson 0-0: Ball
1-0: Ball
2-0: Fly out, F8 (Flyball, 8RM, EV 94.4 MPH)
Batting: RHB Raúl Rosa 0-0: Ball
1-0: Fly out, F4 (Popup, 34, EV 78.1 MPH)
Batting: LHB Ray Winters 0-0: Called Strike
0-1: Called Strike
0-2: Ground out 6-3 (Groundball, 6M, EV 81.2 MPH)
Bottom of the 3rd over - 0 runs, 0 hits, 0 errors, 0 left on base; Crowley 0 - Twinsburg 2
TOP OF THE 4TH
Crowley Cajuns batting - Pitching for Twinsburg Tigers : RHP José Cruz
Batting: SHB Gabriel Ortíz 0-0: Ball
1-0: Ground out 4-3 (Groundball, 4, EV 103.1 MPH)
Batting: LHB Sam Wells 0-0: Reached on error, E3 (Groundball, 34, EV 81.2 MPH)
Batting: RHB Leonard Tucker 0-0: Ball
1-0: Foul Ball, location: 2F
1-1: Foul Ball, location: 2F
1-2: Strikes out swinging
Batting: SHB Rich Dalzell 0-0: Ball
1-0: Called Strike
1-1: Ball
2-1: Reached on error, E3 (Groundball, 3, EV 86.2 MPH)
Sam Wells to third
Batting: RHB Michael Warner 0-0: Ball
1-0: Foul Ball, location: 2F
1-1: Foul Ball, location: 2F
1-2: Ball
2-2: Fielders Choice at 2nd, 6-4 (Groundball, 6, EV 79.4 MPH)
Top of the 4th over - 0 runs, 0 hits, 2 errors, 2 left on base; Crowley 0 - Twinsburg 2
BOTTOM OF THE 4TH
Twinsburg Tigers batting - Pitching for Crowley Cajuns : RHP Blaise Tonetti
Batting: LHB Janghyun Han 0-0: Ball
1-0: Called Strike
1-1: Ball
2-1: Ground out 4-3 (Groundball, 4, EV 90.6 MPH)
Batting: RHB Jacob Gray 0-0: Ball
1-0: Called Strike
1-1: Foul Ball, location: 2F
1-2: Strikes out looking
Batting: RHB Alex Kelley 0-0: Foul Ball, location: 2F
0-1: Ball
1-1: Ball
2-1: Ball
3-1: Base on Balls
Batting: RHB Ryan Buggins 0-0: Ball
1-0: Ball
2-0: Called Strike
2-1: SINGLE (Groundball, 34D, EV 96.9 MPH)
Alex Kelley to second
Runner from 2nd tries for 3rd, SAFE, no throw by RF
Batting: LHB Takahashi Yano 0-0: Foul Ball, location: 2F
0-1: DOUBLE (Line Drive, 89XD, EV 108.8 MPH)
Alex Kelley scores
Ryan Buggins to third
Runner from 3rd tries for Home, SAFE, throw by RF to trailing runner, SAFE at third!
Batting: RHB Hun-hyeon Kang 0-0: Called Strike
0-1: Swinging Strike
0-2: Ball
1-2: Ball
2-2: Ball
3-2: Strikes out swinging
Bottom of the 4th over - 2 runs, 2 hits, 0 errors, 1 left on base; Crowley 0 - Twinsburg 4
TOP OF THE 5TH
Crowley Cajuns batting - Pitching for Twinsburg Tigers : RHP José Cruz
Batting: RHB Mike Townsend 0-0: Called Strike
0-1: Swinging Strike
0-2: Foul Ball, location: 2F
0-2: Ball
1-2: Fly out, F4 (Popup, 4S, EV 76.2 MPH)
Batting: RHB Juan Jiménez 0-0: Ball
1-0: Called Strike
1-1: Foul Ball, location: 2F
1-2: Strikes out swinging
Batting: LHB Sergio Valentín 0-0: Ball
1-0: Foul Ball, location: 2F
1-1: Called Strike
1-2: Strikes out swinging
Top of the 5th over - 0 runs, 0 hits, 0 errors, 0 left on base; Crowley 0 - Twinsburg 4
BOTTOM OF THE 5TH
Twinsburg Tigers batting - Pitching for Crowley Cajuns : RHP Blaise Tonetti
Batting: LHB Bill Wilson 0-0: Foul Ball, location: 2F
0-1: Ball
1-1: Ball
2-1: Foul Ball, location: 2F
2-2: Ball
3-2: Fly out, F8 (Flyball, 8LXD, EV 95.0 MPH)
Batting: RHB Raúl Rosa 0-0: Foul Ball, location: 2F
0-1: Foul Ball, location: 2F
0-2: Foul Ball, location: 2F
0-2: Ball
1-2: Strikes out looking
Batting: LHB Ray Winters 0-0: Fly out, F8 (Line Drive, 8LM, EV 85.6 MPH)
Bottom of the 5th over - 0 runs, 0 hits, 0 errors, 0 left on base; Crowley 0 - Twinsburg 4
TOP OF THE 6TH
Crowley Cajuns batting - Pitching for Twinsburg Tigers : RHP José Cruz
Batting: RHB Alan Shepherd 0-0: Ball
1-0: Ball
2-0: Called Strike
2-1: Ball
3-1: Foul Ball, location: 2F
3-2: Foul Ball, location: 2F
3-2: Strikes out looking
Batting: SHB Gabriel Ortíz 0-0: Ball
1-0: Ball
2-0: Foul Ball, location: 2F
2-1: Swinging Strike
2-2: SINGLE (Groundball, 34D, EV 103.1 MPH)
Batting: LHB Sam Wells 0-0: Called Strike
0-1: Ball
1-1: Fly out, F3 (Popup, 3, EV 52.5 MPH)
Batting: RHB Leonard Tucker 0-0: Called Strike
0-1: Ball
Wild Pitch!
Gabriel Ortíz to second
1-1: Called Strike
1-2: Strikes out swinging
Top of the 6th over - 0 runs, 1 hit, 0 errors, 1 left on base; Crowley 0 - Twinsburg 4
BOTTOM OF THE 6TH
Twinsburg Tigers batting - Pitching for Crowley Cajuns : RHP Blaise Tonetti
Batting: LHB Janghyun Han 0-0: Ball
1-0: Foul Ball, location: 2F
1-1: Swinging Strike
1-2: Ball
2-2: Strikes out looking
Batting: RHB Jacob Gray 0-0: Called Strike
0-1: Called Strike
0-2: Ball
1-2: Foul Ball, location: 2F
1-2: Foul Ball, location: 2F
1-2: Foul Ball, location: 2F
1-2: Foul Ball, location: 2F
1-2: Strikes out swinging
Batting: RHB Alex Kelley 0-0: Ball
1-0: Foul Ball, location: 2F
1-1: Fly out, F8 (Flyball, 89D, EV 93.8 MPH)
Bottom of the 6th over - 0 runs, 0 hits, 0 errors, 0 left on base; Crowley 0 - Twinsburg 4
TOP OF THE 7TH
Crowley Cajuns batting - Pitching for Twinsburg Tigers : RHP José Cruz
Now at 1B: Ole Geenen
Batting: SHB Rich Dalzell 0-0: Ball
1-0: Ball
2-0: Foul Ball, location: 2F
2-1: Fly out, F8 (Flyball, 8LS, EV 70.0 MPH)
Batting: RHB Michael Warner 0-0: Called Strike
0-1: Swinging Strike
0-2: Ball
1-2: Hit by Pitch
Pitching: RHP Héctor Villegas
Batting: RHB Mike Townsend 0-0: Called Strike
Michael Warner is caught stealing 2nd base 2-4
0-1: Ball
1-1: Called Strike
1-2: Ball
2-2: Foul Ball, location: 2F
2-2: SINGLE (Line Drive, 8LS, EV 107.5 MPH)
Batting: RHB Juan Jiménez 0-0: Ball
1-0: Foul Ball, location: 2F
1-1: Ball
2-1: Fly out, F8 (Flyball, 8LM, EV 90.0 MPH)
Top of the 7th over - 0 runs, 1 hit, 0 errors, 1 left on base; Crowley 0 - Twinsburg 4
BOTTOM OF THE 7TH
Twinsburg Tigers batting - Pitching for Crowley Cajuns : RHP Blaise Tonetti
Pitching: RHP Derek Craggs
Batting: RHB Ryan Buggins 0-0: Ball
1-0: Fly out, F7 (Flyball, 7S, EV 93.1 MPH)
Batting: LHB Takahashi Yano 0-0: Called Strike
0-1: Swinging Strike
0-2: Foul Ball, location: 2F
0-2: Foul Ball, location: 2F
0-2: Foul Ball, location: 2F
0-2: Ball
1-2: Ground out 4-3 (Groundball, 4, EV 86.9 MPH)
Batting: RHB Hun-hyeon Kang 0-0: Ball
1-0: Foul Ball, location: 2F
1-1: Ball
2-1: Called Strike
2-2: Strikes out swinging
Bottom of the 7th over - 0 runs, 0 hits, 0 errors, 0 left on base; Crowley 0 - Twinsburg 4
TOP OF THE 8TH
Crowley Cajuns batting - Pitching for Twinsburg Tigers : RHP Héctor Villegas
Batting: LHB Sergio Valentín 0-0: Ball
1-0: Called Strike
1-1: Called Strike
1-2: Fly out, F7 (Flyball, 7LM, EV 89.4 MPH)
Batting: RHB Alan Shepherd 0-0: Ball
1-0: Ball
2-0: Ball
3-0: Called Strike
3-1: Foul Ball, location: 2F
3-2: Foul Ball, location: 2F
3-2: Fly out, F8 (Flyball, 8LD, EV 101.9 MPH)
Batting: SHB Gabriel Ortíz 0-0: Ball
1-0: Ball
2-0: Called Strike
2-1: Called Strike
2-2: Foul Ball, location: 2F
2-2: Foul Ball, location: 2F
2-2: Ball
3-2: Ground out 4-3 (Groundball, 4M, EV 96.9 MPH)
Top of the 8th over - 0 runs, 0 hits, 0 errors, 0 left on base; Crowley 0 - Twinsburg 4
BOTTOM OF THE 8TH
Twinsburg Tigers batting - Pitching for Crowley Cajuns : RHP Derek Craggs
Batting: LHB Bill Wilson 0-0: Fly out, F6 (Popup, 6M, EV 65.0 MPH)
Batting: LHB Ole Geenen 0-0: Ball
1-0: SINGLE (Groundball, 6D, EV 98.8 MPH)
Batting: LHB Ray Winters 0-0: Called Strike
0-1: Called Strike
0-2: Foul Ball, location: 2F
0-2: Ball
1-2: Strikes out looking
Batting: LHB Janghyun Han 0-0: Fly out, F7 (Flyball, 78M, EV 98.8 MPH)
Bottom of the 8th over - 0 runs, 1 hit, 0 errors, 1 left on base; Crowley 0 - Twinsburg 4
TOP OF THE 9TH
Crowley Cajuns batting - Pitching for Twinsburg Tigers : RHP Héctor Villegas
Pitching: RHP Raúl Nieves
Now in RF: António Martínez
Batting: LHB Sam Wells 0-0: Ball
1-0: Called Strike
1-1: Ball
2-1: Swinging Strike
2-2: Strikes out swinging
Batting: RHB Leonard Tucker 0-0: Called Strike
0-1: Ball
1-1: Foul Ball, location: 2F
1-2: Foul Ball, location: 2F
1-2: Fly out, F7 (Flyball, 7, EV 82.5 MPH)
Batting: SHB Rich Dalzell 0-0: Foul Ball, location: 2F
0-1: Called Strike
0-2: Foul Ball, location: 2F
0-2: Foul Ball, location: 2F
0-2: Ball
1-2: Ball
2-2: Fly out, F8 (Flyball, 8LXD, EV 98.8 MPH)
Top of the 9th over - 0 runs, 0 hits, 0 errors, 0 left on base; Crowley 0 - Twinsburg 4
Tuesday, January 5th, 2021 - OOTP Baseball 20.8 Build 74